AoeStats
← Drakson

Yucatan

503361955Analyzed
2v2 RM · 1mo ago on Aug 31, 2026· 84m 2s· 4 players
Game mode
Random Map
Map size
Medium (4 player)
Population
200
Speed
Normal
Resources
Standard
Victory
Conquest
Starting age
Dark Age
Ending age
Imperial Age
RankedLock teamsTeams togetherTeam positionsShared explorationLock speedFull tech treeHidden civsTurbo modeCheats
Victory
Defeat
🇺🇸 Armenians · United States
1070
+8
🇮🇹 Mongols · Italy
895
+42
🇵🇱 Poles · Poland
882
-12
🇵🇱 Bohemians · Poland
867
-11
droger144
0:43 Loom
10:28 Feudal Age
10:48 Man-at-Arms
11:47 Long Swordsman
13:14 Arson
17:50 Double-Bit Axe
18:57 Fletching
23:08 Gold Mining
23:59 Wheelbarrow
24:06 Forging
23:58 Scale Mail Armor
23:59 Padded Archer Armor
24:57 Town Watch
27:29 Castle Age
27:17 Horse Collar
28:04 Crossbowman
29:16 Bow Saw
29:35 Two-Handed Swordsman
30:16 Squires
30:01 Gambesons
32:15 Iron Casting
31:15 Pikeman
31:58 Halberdier
40:16 Imperial Age
41:25 Conscription
41:41 Sanctity
41:32 Fervor
41:19 Herbal Medicine
42:47 Murder Holes
43:10 Bodkin Arrow
44:30 Hand Cart
44:15 Town Patrol
45:33 Capped Ram
49:30 Chemistry
48:51 Ballistics
48:43 Bracer
49:00 Chain Mail Armor
48:49 Stone Mining
48:33 Elite Composite Bowman
49:34 Siege Ram
52:47 Arbalester
55:47 Leather Archer Armor
56:02 Plate Mail Armor
56:33 Blast Furnace
58:24 Fereters
58:56 Hoardings
57:52 Sappers
58:59 Masonry
58:42 Guard Tower
59:13 Bombard Tower
58:52 Champion
69:03 Gold Shaft Mining
74:46 Fortified Wall
83:19 Ring Archer Armor
82:55 Scale Barding Armor
luca92a
2:53 Loom
9:50 Feudal Age
11:17 Wheelbarrow
14:09 Horse Collar
18:30 Double-Bit Axe
25:31 Castle Age
25:11 Scale Barding Armor
26:55 Hand Cart
27:39 Chain Barding Armor
27:38 Thumb Ring
28:12 Forging
28:34 Bow Saw
28:26 Heavy Plow
31:35 Fletching
42:04 Nomads
43:02 Gold Mining
44:07 Bodkin Arrow
44:48 Iron Casting
44:14 Padded Archer Armor
51:50 Imperial Age
49:12 Town Watch
52:28 Elite Mangudai
53:30 Conscription
53:32 Drill
54:48 Parthian Tactics
54:29 Town Patrol
56:02 Ballistics
55:57 Masonry
55:53 Siege Engineers
56:50 Chemistry
58:54 Leather Archer Armor
59:40 Blast Furnace
58:43 Scale Mail Armor
58:44 Bracer
58:08 Pikeman
58:48 Squires
64:51 Chain Mail Armor
64:54 Fortified Wall
64:42 Murder Holes
Drakson
2:09 Loom
18:02 Feudal Age
20:24 Feudal Age
21:49 Wheelbarrow
21:22 Town Watch
28:40 Castle Age
32:27 Elite Skirmisher
36:10 Man-at-Arms
36:50 Squires
46:07 Padded Archer Armor
49:32 Fletching
53:42 Leather Archer Armor
55:02 Bodkin Arrow
62:02 Imperial Age
59:49 Forging
61:03 Hand Cart
63:54 Chemistry
64:22 Elite Hussite Wagon
65:39 Masonry
66:25 Ring Archer Armor
70:10 Houfnice
75:45 Heavy Scorpion
78:43 Crossbowman
Rama
8:58 Loom
10:44 Feudal Age
13:26 Stone Mining
20:00 Castle Age
20:22 Double-Bit Axe
20:19 Horse Collar
23:13 Forging
23:09 Scale Barding Armor
23:40 Bow Saw
24:54 Szlachta Privileges
25:55 Husbandry
29:13 Heavy Plow
31:51 Iron Casting
35:19 Chain Barding Armor
43:46 Scale Mail Armor
47:37 Imperial Age
45:29 Chain Mail Armor
47:56 Cavalier
49:38 Blast Furnace
49:09 Plate Mail Armor
51:31 Padded Archer Armor
51:21 Fletching
51:34 Squires
51:20 Arson
51:58 Conscription
51:53 Masonry
51:39 Murder Holes
51:55 Fortified Wall
52:46 Chemistry
51:52 Siege Engineers
52:54 Capped Ram
54:44 Caravan
54:19 Light Cavalry
55:12 Bloodlines
57:40 Elite Obuch
58:44 Lechitic Legacy
58:27 Elite Obuch
58:47 Siege Ram
62:17 Winged Hussar
Connection lost

Rejoining the realm…

Still unreachable

The connection could not be restored.

Session expired

The server has moved on; the page needs a fresh start.